Description

FollowIndyStarcraft :D

Build Order

Get SALT Encoding   

  14  0:17  Supply Depot  
  15  0:40  Barracks  
  16  0:43  Refinery  
  19  1:27  Orbital Command  
  19  1:28  Reaper  
  20  1:38  Command Center  
  20  1:50  Barracks  
  21  1:59  Barracks Reactor  
  22  2:09  Supply Depot  
  22  2:12  Refinery  
  22  2:22  Factory  
  26  2:37  Barracks Tech Lab  
  27  2:56  Stimpack  
  31  3:00  Orbital Command  
  32  3:15  Starport  
  32  3:23  Factory Reactor  
  37  3:35  Supply Depot  
  44  4:58  Supply Depot  
  44  4:01  Medivac  
  44  4:02  Medivac  
  53  4:11  Engineering Bay  
  53  4:12  Engineering Bay  
  54  4:22  Supply Depot  
  66  4:59  Combat Shields  
  72  5:17  Command Center  
  72  5:19  Factory Tech Lab  
  73  5:29  Barracks  build as much as u can
  75  6:00  Refinery  
  75  6:02  Refinery  
Spawning Tool Build Advisor. Get it on Overwolf

Analysis

https://www.youtube.com/watch?v=dyPAv6qWFVI - He is playing this strategy here, check this out ;)

Go to:

Details

  • Created by: matwit97
  • Published on: Feb 16, 2018
  • Modified on: Feb 17, 2018
  • Patch: 4.0.0
  • Difficulty: Easy
Show
View Real Time Build Order
Export as new Build Order

Comments (0)

There are no comments. Be the first!

Create an account to comment!